 Dungeon Crawl Stone Soup version 0.30-a0-141-g30f27751c5 (webtiles) character file.

Game seed: 14568242106374336025

273 septik the Cudgeller (level 6, -5/51 HPs)
             Began as a Minotaur Berserker on Aug 27, 2022.
             Was a Believer of Trog.
             Slain by Terence
             ... wielding a +0 mace
              (7 damage)
             ... on level 3 of the Dungeon on Sept 25, 2022.
             The game lasted 00:11:54 (2298 turns).

septik the Cudgeller (Minotaur Berserker)           Turns: 2298, Time: 00:11:55

Health: -5/51      AC:  8    Str: 24    XL:     6   Next: 2%
Magic:  5/5        EV:  8    Int:  4    God:    Trog [**....]
Gold:   122        SH:  0    Dex:  9    Spells: 5/5 levels left

rFire   . . .      SeeInvis .    a - +0 hand axe
rCold   . . .      Faith    .    (no shield)
rNeg    . . .      Spirit   .    e - +0 chain mail
rPois   .          Reflect  .    (helmet restricted)
rElec   .          Harm     .    (no cloak)
rCorr   .          Rampage  .    (no gloves)
Will    .....                    (no boots)
Stlth   ..........               (no amulet)
HPRegen 0.17/turn                (no ring)
MPRegen 0.09/turn                (no ring)

@: on berserk cooldown, slowed, very slow
A: horns 2, retaliatory headbutt
a: Renounce Religion, Berserk, Trog's Hand


You were on level 3 of the Dungeon.
You worshipped Trog.
Trog was pleased with you.
You visited 1 branch of the dungeon, and saw 3 of its levels.

You collected 122 gold pieces.

Inventory:

Hand Weapons
 a - a +0 hand axe (weapon)
 o - a +0 sling
Missiles
 i - 22 stones (quivered)
 l - 5 poisoned darts
 r - a throwing net
Armour
 b - a +0 animal skin
 e - a +0 chain mail (worn)
Wands
 q - a wand of paralysis (5)
Scrolls
 c - a scroll of amnesia {unknown}
 g - 2 scrolls of identify {unknown}
 j - 3 scrolls of magic mapping {unknown}
 k - 4 scrolls of enchant weapon {unknown}
 m - a scroll of noise {unknown}
 n - 2 scrolls of teleportation {unknown}
 p - a scroll of blinking {unknown}
Potions
 d - a potion of brilliance {unknown}
 f - 3 potions of attraction {unknown}
 h - a potion of heal wounds {unknown}


   Skills:
 - Level 3.6 Fighting
 - Level 3.6(5.8) Axes
 + Level 7.1(7.6) Maces & Flails
 - Level 2.4 Armour
 - Level 2.1 Dodging


You had 5 spell levels left.
You didn't know any spells.
Your spell library was empty.

Dungeon Overview and Level Annotations

Branches:
Dungeon (3/15)

Altars:

Annotations:
D:3 Terence


Innate Abilities, Weirdness & Mutations

You have a pair of horns on your head.
You reflexively headbutt those who attack you in melee.


Message History

Natasha is lightly wounded.
Natasha claws you but does no damage.
You hit Natasha. Your headbutt misses Natasha.
Natasha is heavily wounded.
Natasha barely misses you.
A red film seems to cover your vision as you go berserk!
You feel yourself moving faster!
You feel mighty! Natasha closely misses you.
You barely miss Natasha.
Natasha is heavily wounded.
Natasha claws you but does no damage.
You hit Natasha.
Natasha is almost dead.
Natasha claws you.
You closely miss Natasha.
Natasha is almost dead.
You slash Natasha!
You kill Natasha!
Trog accepts your kill.
Trog appreciates your killing of a magic user.
Natasha yowls pathetically as she dies!
The white imp disappears in a puff of smoke!
You have reached level 6!
You feel a strong urge to attack something.
Terence the Incautious comes into view.
He is wielding a +0 mace.
You feel your anger nearly subside.
You are no longer berserk.
You are exhausted.
You feel yourself slow down.
Found 12 gold pieces.
Terence drinks a potion.
Terence goes berserk!
Terence attacks as you move away! Terence hits you with a +0 mace!
Terence hits you with a +0 mace. Terence attacks as you move away!
Terence hits you with a +0 mace! x2
* * * LOW HITPOINT WARNING * * *
Terence hits you with a +0 mace!
* * * LOW HITPOINT WARNING * * *
Terence attacks as you move away! Terence barely misses you.
Found a ring mail.
Terence hits you with a +0 mace!
You die...

#################
#...............#
##########.#############.#
...........# #.#
############ #.#####
#.....# ###########
#####.# [...$.....### #.#
#@@...# #.# #
#@#####.###.# #.# .#
#.......# #.# #.# #.##
###.###.# ####.#### #...#
#.....# #.......# .....
###.#.# #.#####.# .....
#.#.####.#####.# .....
#.#......#...#.. .....
#.######..###..#


You could see Terence (berserk).

Vanquished Creatures
  Sigmund (D:3)
  Natasha (D:3)
  5 gnolls
  An adder (D:2)
  A worm (D:2)
  An orc (D:3)
  3 bats
  A giant cockroach (D:3)
  A goblin (D:3)
  3 hobgoblins
  5 jackals
  2 kobolds (D:1)
  3 quokkas
  5 ball pythons
  2 frilled lizards (D:3)
  5 rats
40 creatures vanquished.

Notes
Turn   | Place    | Note
-------+----------+-------------------------------------------
     0 | D:1      | septik the Minotaur Berserker began the quest for the Orb.
     0 | D:1      | Reached XP level 1. HP: 19/19 MP: 0/0
   398 | D:1      | Found a faded altar of an unknown god.
   424 | D:1      | Reached skill level 1 in Maces & Flails
   540 | D:1      | Reached skill level 2 in Maces & Flails
   548 | D:1      | Reached XP level 2. HP: 23/26 MP: 1/1
   916 | D:2      | Reached skill level 3 in Maces & Flails
  1087 | D:2      | Upgraded the game from 0.30-a0-29-g142975f185 to
                  | 0.30-a0-141-g30f27751c5
  1094 | D:2      | Reached XP level 3. HP: 31/31 MP: 2/2
  1106 | D:2      | Reached skill level 4 in Maces & Flails
  1281 | D:2      | Reached XP level 4. HP: 36/39 MP: 3/3
  2003 | D:3      | Noticed Sigmund
  2008 | D:3      | Reached ** piety under Trog
  2013 | D:3      | Killed Sigmund
  2014 | D:3      | Reached skill level 6 in Maces & Flails
  2014 | D:3      | Reached XP level 5. HP: 45/45 MP: 4/4
  2189 | D:3      | Reached skill level 7 in Maces & Flails
  2270 | D:3      | Noticed Natasha
  2282 | D:3      | Killed Natasha
  2283 | D:3      | Reached XP level 6. HP: 51/51 MP: 5/5
  2286 | D:3      | Noticed Terence
  2297 | D:3      | HP: 1/51 [Terence/+0 mace (10)]
  2298 | D:3      | Slain by Terence

Illustrated notes

Levels and vault maps discovered:
D:1:      dpeg_arrival_arbitrary_c, layout_loops_ring, basic_ecumenical_altar,
          st_stairs_12, minivault_19, minmay_misc_feat_plants
D:2:      layout_basic
D:3:      cheibrodos_pilgrimage, layout_loops_ring, uniq_terence, uniq_natasha,
          uniq_sigmund

Skill      XL: |  1  2  3  4  5 |
---------------+----------------+-----
Maces & Flails | 2 3 4 6 7 |  7.1
Fighting       | |  3.6
Axes           | |  3.6
Armour         | |  2.4
Dodging        | |  2.1

Action                   |  1- 3 |  4- 6 || total
-------------------------+-------+-------++-------
Melee: Hand axe          |    59 |    48 ||   107
       Headbutt          |     5 |     6 ||    11
       Punch             |       |     1 ||     1
Invok: Berserk           |     1 |     2 ||     3
Armor: Chain mail        |    30 |    20 ||    50
Dodge: Dodged            |    18 |    17 ||    35

Table legend: (Time is in decaauts)
 A = Elapsed time spent in this place.
 B = Non-inter-level travel time spent in this place.
 C = Inter-level travel time spent in this place.
 D = Time resting spent in this place.
 E = Time spent auto-exploring this place.
 F = Levels seen in this place.
 G = Mean time per level.
                   A        B        C        D        E       F      G
               +--------+--------+--------+--------+--------+-----+--------+
         Total |   2329 |   2259 |     70 |    123 |   1661 |   3 |  776.3 |
       Dungeon |   2329 |   2259 |     70 |    123 |   1661 |   3 |  776.3 |
               +--------+--------+--------+--------+--------+-----+--------+

Top non-repeatable levels by time:
     D:2: 1045 daAuts
     D:1: 965 daAuts
     D:3: 318 daAuts
